 Dungeon Crawl Stone Soup version 0.18.1-48-g4cf74bf (webtiles) character file.

509 nikopol the Chopper (level 6, -1/57 HPs)
             Began as a Minotaur Berserker on Aug 21, 2016.
             Was an Elder of Trog.
             Slain by Menkaure (16 damage)
             ... on level 4 of the Dungeon on Aug 22, 2016.
             The game lasted 00:06:35 (3539 turns).

nikopol the Chopper (Minotaur Berserker)            Turns: 3539, Time: 00:06:36

Health: -1/57      AC:  7    Str: 22    XL:     6   Next: 98%
Magic:  5/5        EV: 11    Int:  4    God:    Trog [****..]
Gold:   145        SH:  0    Dex: 11    Spells: 0 memorised, 5 levels left

rFire  . . .     SeeInvis .     a - +0 hand axe
rCold  . . .     Gourm    .     n - +0 scale mail
rNeg   + . .     Faith    .     (no shield)
rPois  .         Spirit   .     (helmet restricted)
rElec  .         Dismiss  .     (no cloak)
rCorr  .         Reflect  .     (no gloves)
SustAt .         Harm     .     (no boots)
MR     .....                    g - amulet of magic regeneration
Stlth  ..........               (no ring)
                                r - ring of positive energy

@: not resistant to hostile enchantments, extremely unstealthy
A: retaliatory headbutt, horns 2
a: Berserk, Trog's Hand, Brothers in Arms, Burn Spellbooks, Renounce Religion


You were on level 4 of the Dungeon.
You worshipped Trog.
Trog was greatly pleased with you.
You were not hungry.

You visited 1 branch of the dungeon, and saw 4 of its levels.

You collected 145 gold pieces.

Inventory:

Hand Weapons
 a - a +0 hand axe (weapon)
Missiles
 k - 40 arrows
Armour
 b - a +0 animal skin
 e - a +0 leather armour
 n - a +0 scale mail (worn)
Jewellery
 g - an amulet of magic regeneration (around neck)
 r - a ring of positive energy (left hand)
Wands
 m - a wand of heal wounds (3/9)
Scrolls
 h - 3 scrolls of identify {unknown}
 i - 3 scrolls of blinking {unknown}
 j - 2 scrolls of remove curse {unknown}
 l - 2 scrolls of teleportation {unknown}
 o - a scroll of enchant weapon {unknown}
 q - a scroll of immolation {unknown}
 s - a scroll of amnesia {unknown}
 v - a scroll of recharging {unknown}
Potions
 d - 3 potions of curing {unknown}
 f - a potion of invisibility {unknown}
 p - 2 potions of mutation {unknown}
 u - a potion of might {unknown}
 w - a potion of agility {unknown}
Comestibles
 c - a bread ration
 t - 3 chunks of flesh


   Skills:
 + Level 5.7 Fighting
 + Level 5.8 Axes
 + Level 5.0 Armour
 + Level 4.3 Dodging


You had 5 spell levels left.
You didn't know any spells.

Dungeon Overview and Level Annotations

Branches:
Dungeon (4/15)
 Temple: D:4-7

Altars:
Ashenzari
Cheibriados
Okawaru
Trog
The Shining One

Shops:
D:4 =

Annotations:
D:2 Natasha
D:4 Menkaure


Innate Abilities, Weirdness & Mutations

You reflexively headbutt those who attack you in melee.
You have a pair of horns on your head.


Message History

You completely miss Menkaure. You headbutt Menkaure!
Menkaure is severely damaged.
Menkaure barely misses you.
You hit Menkaure but do no damage.
Menkaure is severely damaged.
Menkaure completely misses you. Menkaure casts a spell at you.
Pain shoots through your body!
You hit Menkaure. You headbutt Menkaure.
Menkaure is almost destroyed.
Menkaure hits you!
* * * LOW HITPOINT WARNING * * *
You are too injured to fight recklessly!
You are too injured to fight recklessly!
You are too injured to fight recklessly!
You are too injured to fight recklessly!
You hit Menkaure but do no damage. Your headbutt misses Menkaure.
Menkaure is almost destroyed.
Menkaure hits you!
You die...

#.# #.# #.# #.#
################.#
#................#
#.##############.#
#.# #.# #@# #..
#M# #.. #.# ###
#.# ### #.# #..
..# #.# ... #.#
### #.# #..


You could see Menkaure.

Vanquished Creatures
  A big kobold (D:4)
  A scorpion (D:4)
  A hound (D:4)
  3 orc priests (D:3)
  Ijyb (D:2)
  Natasha (twice) (D:2)
  A worker ant (D:4)
  A hound skeleton (D:4)
  5 adders
  An ooze (D:3)
  An adder skeleton (D:4)
  2 worms
  3 dart slugs
  A giant gecko (D:3)
  12 orcs
  8 bats
  4 giant cockroaches
  10 goblins
  10 hobgoblins
  7 jackals
  10 kobolds
  3 quokkas
  4 giant newts
  4 rats
96 creatures vanquished.

Notes
Turn   | Place    | Note
--------------------------------------------------------------
     0 | D:1      | nikopol the Minotaur Berserker began the quest for the Orb.
     0 | D:1      | Reached XP level 1. HP: 19/19 MP: 0/0
   155 | D:1      | Reached XP level 2. HP: 27/27 MP: 1/1
   461 | D:1      | Reached ** piety under Trog
   622 | D:1      | Reached XP level 3. HP: 33/33 MP: 2/2
   650 | D:2      | Noticed Natasha
   660 | D:2      | Killed Natasha
  1032 | D:2      | Reached XP level 4. HP: 41/41 MP: 3/3
  1040 | D:2      | Found a snail-covered altar of Cheibriados.
  1089 | D:2      | Noticed Natasha
  1098 | D:2      | HP: 2/61 [Natasha/magic dart (4)]
  1099 | D:2      | Killed Natasha
  1180 | D:2      | Noticed Natasha
  1483 | D:2      | Noticed Ijyb
  1498 | D:2      | Killed Ijyb
  1498 | D:2      | Reached XP level 5. HP: 47/47 MP: 4/4
  1910 | D:2      | Reached *** piety under Trog
  2021 | D:3      | Reached skill level 5 in Axes
  2281 | D:3      | Reached skill level 5 in Fighting
  2392 | D:3      | Reached XP level 6. HP: 37/56 MP: 5/5
  2431 | D:3      | Found an iron altar of Okawaru.
  2517 | D:3      | Found a glowing golden altar of the Shining One.
  2789 | D:3      | Found a bloodstained altar of Trog.
  2897 | D:4      | Reached **** piety under Trog
  3259 | D:4      | Found a shattered altar of Ashenzari.
  3473 | D:4      | Found Sesamoot's Jewellery Emporium.
  3527 | D:4      | Noticed Menkaure
  3530 | D:4      | Reached skill level 5 in Armour
  3539 | D:4      | Slain by Menkaure

Skill      XL: |  1  2  3  4  5  6 |
---------------+-------------------+-----
Axes           | 4 5 |  5.8
Fighting       | 4 5 |  5.7
Armour         | 3 4 5 |  5.0
Dodging        | 3 4 |  4.3

Action                   |  1- 3 |  4- 6 || total
-------------------------+-------+-------++-------
Melee: Hand axe          |    69 |   191 ||   260
       Headbutt          |     8 |    43 ||    51
Invok: Berserk           |       |     2 ||     2
       Burn Spellbooks   |       |     1 ||     1
  Eat: Chunk             |       |     9 ||     9
       Beef jerky        |       |     1 ||     1
Armor: Leather armour    |    17 |     9 ||    26
       Animal skin       |     1 |       ||     1
       Scale mail        |       |    43 ||    43
Dodge: Dodged            |    37 |    83 ||   120
